Map: Year Zero LE

Players

Rail - Winner!

  • Race: Protoss Protoss
  • Spawn Location: 11:00

TRUE

  • Race: Zerg Zerg
  • Spawn Location: 1:00

Event: IEM Season 13: Katowice (2019)

VOD

Have the link to the VOD?

Description

Time

  • Played on: Feb. 26, 2019, 5:20 a.m.
  • Length: 9:09

All games in this series

Show
View Real Time Build Order
Export as new Build Order

Rail Protoss - Winner!

Build Orders: Nexus First, Colossus Rush 

Get SALT Encoding   

  12  0:00  Probe  
  13  0:12  Probe  
  14  0:19  Pylon  
  14  0:25  Probe  
  15  0:33  Probe  
  15  0:41  Probe  
  17  0:51  Probe  
  18  1:03  Nexus  
  18  1:11  Gateway  
  19  1:21  Assimilator  
  19  1:23  Assimilator  
  18  1:27  Probe  
  19  1:36  Probe  
  20  1:44  Probe  
  20  1:46  Pylon  
  20  1:53  Probe  
  21  2:00  Cybernetics Core  
  22  2:04  Zealot  
  22  2:05  Probe  
  25  2:14  Gateway  
  25  2:15  Probe  
  25  2:18  Probe  
  27  2:23  Probe  
  27  2:26  Probe  
  28  2:31  Probe  
  28  2:36  Adept  
  32  2:38  Probe  
  32  2:43  Probe  
  34  2:44  Warp Gate  
  35  2:51  Probe  
  35  2:55  Probe, Robotics Facility  
  36  3:02  Sentry  
  36  3:03  Probe  
  39  3:06  Probe  
  39  3:12  Probe, Pylon  
  40  3:15  Probe  
  42  3:20  Probe, Stargate  
  43  3:28  Probe, Assimilator  
  43  3:29  Probe  
  43  3:32  Assimilator  
  45  3:36  Pylon  
  45  3:40  Probe  
  46  3:43  Probe  
  47  3:52  Probe  
  47  3:55  Probe  
  49  3:57  Forge  
  49  4:04  Probe  
  49  4:07  Probe  
  51  4:11  Phoenix  
  51  4:14  Gateway x2  
  51  4:16  Probe  
  54  4:19  Probe  
  55  4:27  Pylon  
  55  4:29  Protoss Ground Weapons Level 1  
  55  4:32  Nexus  
  55  4:36  Observer  
  56  4:39  Adept x2  
  56  4:44  Pylon  
  61  4:48  Shield Battery  
  61  4:52  Robotics Bay  
  60  4:53  Probe  
  60  4:54  Probe  
  62  5:00  Sentry x2  
  62  5:02  Pylon  
  66  5:09  Immortal  
  66  5:12  Probe  
  66  5:13  Probe  
  72  5:20  Twilight Council  
  72  5:25  Zealot  
  74  5:29  Zealot  
  74  5:32  Zealot  
  74  5:34  Zealot  
  79  5:38  Probe  
  79  5:40  Colossus  
  80  5:46  Sentry, Probe  
  80  5:49  Photon Cannon  
  89  5:55  Photon Cannon, Probe  
  90  5:58  Probe  
  90  5:59  Probe  
  90  6:05  Adept  
  90  6:07  Probe  
  90  6:09  Probe  
  90  6:11  Probe  
  94  6:16  Blink  
  94  6:17  Probe  
  95  6:19  Probe, Pylon  
  95  6:20  Probe  
  95  6:24  Protoss Ground Weapons Level 2  
  95  6:25  Probe  
  98  6:26  Colossus  
  98  6:32  Probe  
  96  6:34  Gateway  
  96  6:38  Sentry, Zealot  
  103  6:40  Adept  
  103  6:43  Zealot  
  107  6:47  Gateway  
  107  6:58  Extended Thermal Lance  
  107  7:05  Pylon  
  107  7:07  Assimilator  
  107  7:08  Assimilator  
  107  7:09  Sentry  
  105  7:22  Sentry, Stalker  
  99  7:23  Warp Prism  
  85  7:31  Stalker x2  
  85  7:35  Stalker  
  87  7:40  Gateway  
  87  7:41  Gateway  
  87  7:42  Sentry  
  89  7:45  Zealot, Stalker  
  93  7:57  Pylon  
  93  7:59  Pylon  
  93  8:03  Phoenix  
  93  8:09  Photon Cannon  
  93  8:10  Sentry, Stalker x2  
  99  8:16  Shield Battery  
  99  8:19  Zealot x3  
  105  8:27  Pylon  
  105  8:31  Pylon  
  105  8:33  Stalker x2  
  109  8:35  Zealot  
  107  8:48  Stalker x4  
  105  8:53  Stalker  
  109  8:59  Stalker x2  
  111  9:03  Zealot  
Show
View Real Time Build Order
Export as new Build Order

TRUE Zerg 

Build Orders: 3 Hatch before Pool 

Get SALT Encoding   

  12  0:00  Drone  
  13  0:11  Drone  
  14  0:17  Overlord  
  14  0:23  Extractor, Drone  
  15  0:36  Drone x2  
  17  0:55  Hatchery  
  16  1:09  Drone  
  16  1:10  Drone x2  
  19  1:29  Hatchery  
  19  1:32  Drone  
  19  1:37  Extractor, Drone  
  19  1:51  Spawning Pool  
  19  1:53  Drone  
  19  1:57  Drone  
  20  2:04  Drone  
  20  2:07  Drone  
  22  2:14  Drone  
  23  2:18  Drone  
  24  2:25  Drone  
  24  2:29  Drone  
  26  2:37  Queen  
  26  2:38  Overlord  
  26  2:42  Queen  
  30  2:47  Metabolic Boost  
  30  2:54  Queen  
  30  2:57  Drone  
  33  2:58  Drone  
  33  3:01  Drone  
  33  3:03  Drone  
  36  3:06  Drone  
  36  3:07  Drone  
  36  3:11  Zergling x2  
  36  3:12  Zergling x2  
  40  3:16  Overlord  
  40  3:18  Drone  
  41  3:20  Drone  
  41  3:26  Overlord  
  42  3:33  Overlord  
  42  3:35  Drone  
  42  3:38  Drone x3  
  42  3:41  Drone  
  47  3:44  Drone  
  47  3:45  Drone  
  49  3:50  Drone  
  49  3:55  Drone x3  
  53  3:57  Drone x2  
  53  4:02  Spore Crawler  
  53  4:04  Drone  
  53  4:07  Drone x2  
  55  4:10  Lair  
  55  4:14  Overlord  
  55  4:16  Drone  
  56  4:17  Drone  
  56  4:24  Drone x2  
  58  4:25  Drone x2  
  58  4:28  Extractor, Drone x2  
  58  4:29  Extractor  
  61  4:39  Extractor, Overlord  
  61  4:45  Zergling x10  
  61  4:49  Queen x2  
  61  4:50  Zergling x4  
  61  4:51  Zergling x2  
  72  4:53  Overlord, Zergling x4  
  72  4:56  Overlord  
  72  4:57  Overlord  
  74  5:01  Overlord  
  74  5:05  Overlord  
  74  5:06  Overlord  
  74  5:10  Overlord, Hydralisk Den  
  74  5:11  Zergling x2  
  74  5:12  Overlord  
  74  5:13  Zergling x4  
  74  5:14  Zergling x2  
  77  5:20  Zergling x2  
  78  5:22  Zergling x2  
  78  5:23  Zergling x2  
  78  5:25  Zergling x2  
  81  5:41  Hydralisk x7, Grooved Spines  
  93  5:43  Hydralisk  
  93  5:49  Hydralisk  
  97  5:50  Hydralisk  
  97  5:55  Hydralisk  
  101  5:57  Overlord  
  101  6:00  Zergling x8  
  101  6:02  Zergling x4  
  107  6:04  Zergling x2  
  107  6:05  Zergling x2  
  107  6:10  Baneling Nest  
  108  6:11  Zergling x2  
  108  6:16  Zergling x4  
  108  6:18  Zergling x4  
  110  6:19  Zergling x6  
  113  6:28  Zergling x2  
  106  6:35  Zergling x4  
  106  6:37  Zergling x4  
  103  6:40  Zergling x14  
  103  6:41  Zergling x2  
  103  6:42  Zergling x2  
  103  6:45  Overseer  
  112  6:53  Baneling x13  
  112  6:54  Baneling x8  
  112  6:55  Baneling  
  112  6:57  Zergling x2  
  112  6:58  Zergling x2  
  112  6:59  Zergling x2  
  115  7:02  Zergling x4  
  115  7:04  Zergling x2  
  115  7:05  Baneling x3  
  118  7:10  Zergling x2  
  118  7:11  Zergling x2  
  109  7:18  Zergling x4  
  109  7:19  Zergling x2  
  98  7:25  Zergling x4  
  98  7:29  Zergling x2  
  76  7:38  Spire  
  76  7:39  Extractor  
  76  7:41  Zergling x18  
  76  7:42  Extractor  
  76  7:43  Zergling x4  
  84  7:44  Zergling x2  
  84  7:46  Zergling x2  
  84  7:48  Zergling x2  
  85  7:55  Zergling x2  
  85  8:07  Zergling x12  
  90  8:23  Zergling x12  
  90  8:24  Zergling x8  
  90  8:25  Zergling x2  

Tags
 
Add a new tag
Caveats
  • Supply blocks, unpowered buildings, or Contaminate may cause inaccurate times.
  • Supply counts are checked every 10 seconds.